 Dungeon Crawl Stone Soup version 0.20.1-1-g8b1a95d (webtiles) character file.

531550 Peloso the Minotaur Barricade (level 24, -2/242 HPs)
             Began as a Minotaur Fighter on July 24, 2017.
             Was the Champion of Okawaru.
             Slain by an ettin
             ... wielding a +0 dire flail
              (47 damage)
             ... on level 5 of the Vaults.
             The game lasted 03:32:38 (66562 turns).

Peloso the Minotaur Barricade (Minotaur Fighter)   Turns: 66562, Time: 03:32:39

Health: -2/242     AC: 34    Str: 26    XL:     24   Next: 44%
Magic:  32/32      EV: 11    Int:  5    God:    Okawaru [******]
Gold:   2721       SH: 22    Dex: 23    Spells: 23/23 levels left

rFire    + + .     SeeInvis +   a - +8 autumn katana {slice, Clar}
rCold    + + +     Gourm    .   U - +2 shield of Resistance {rF+ rC+ MR+}
rNeg     . . .     Faith    +   S - +2 crystal plate armour
rPois    .         Spirit   .   K - +1 hat {SInv}
rElec    +         Reflect  .   e - scarf {rC+ rF+}
rCorr    +         Harm     .   Y - +1 pair of gloves {Dex+3}
MR       ++++.     Clarity  +   z - -1 pair of boots of Geistrad {Regen+ rCorr MP+9}
Stlth    ..........             q - amulet of faith
Regen    0.9/turn               w - ring "Beoniymp" {rElec Dex+5 Stlth-}
MPRegen  0.3/turn               R - ring "Tuhad" {rC+ MR++ SInv}

@: drained
A: retaliatory headbutt, horns 2, weak 1
}: 3/15 runes: serpentine, barnacled, silver
a: Heroism, Finesse, Renounce Religion


You were on level 5 of the Vaults.
You worshipped Okawaru.
Okawaru was exalted by your worship.
You were hungry.

You visited 9 branches of the dungeon, and saw 41 of its levels.
You visited 1 bazaar.
You also visited: Sewer and Volcano.

You collected 5939 gold pieces.
You spent 3218 gold pieces at shops.

Inventory:

Hand Weapons
 a - the +8 autumn katana (weapon) {slice, Clar}
   (Okawaru gifted it to you on level 11 of the Dungeon)

   It inflicts extra damage upon your enemies.
   It protects you against confusion.
 H - a +1 long sword of flaming
 J - a +1 double sword of electrocution
Armour
 e - a scarf of resistance (worn)
 m - a scarf of repulsion
 x - +0 shadow dragon scales
 z - the -1 pair of boots of Geistrad (worn) {Regen+ rCorr MP+9}
   (Okawaru gifted it to you on level 1 of the Depths)

   It affects your magic capacity (+9).
   It increases your rate of regeneration.
   It protects you from acid and corrosion.
 A - a +1 pair of boots of running
 K - a +1 hat of see invisible (worn)
 S - a +2 crystal plate armour (worn)
 U - the +2 shield of Resistance (worn) {rF+ rC+ MR+}
   (You bought it in a shop on level 7 of the Dungeon)

   It protects you from fire.
   It protects you from cold.
   It affects your resistance to hostile enchantments.
 Y - a +1 pair of gloves of dexterity (worn)
Jewellery
 g - an uncursed ring of flight
 q - an amulet of faith (around neck)
 w - the ring "Beoniymp" (left hand) {rElec Dex+5 Stlth-}
   (You found it on level 14 of the Dungeon)

   [ring of loudness]

   It affects your dexterity (+5).
   It insulates you from electricity.
   It makes you less stealthy.
 B - an uncursed ring of poison resistance {unknown}
 R - the ring "Tuhad" (right hand) {rC+ MR++ SInv}
   (You took it off a deep elf sorcerer on level 3 of the Elven Halls)

   [ring of protection from cold]

   It protects you from cold.
   It affects your resistance to hostile enchantments.
   It lets you see invisible.
Wands
 b - a wand of digging (9/24)
Scrolls
 h - 9 scrolls of fear
 n - 13 scrolls of remove curse
 o - 6 scrolls of recharging
 s - 8 scrolls of teleportation
 t - 9 scrolls of identify
 y - 2 scrolls of magic mapping
Potions
 d - 4 potions of berserk rage
 i - a potion of heal wounds
 k - 10 potions of agility
 l - 2 potions of invisibility
 p - 3 potions of haste
 r - 14 potions of curing
 v - 5 potions of flight
 V - 4 potions of might
Miscellaneous
 j - a fan of gales
 u - a crystal ball of energy
Comestibles
 c - 2 chunks of flesh
 f - 15 bread rations
 G - 19 meat rations
 P - 36 royal jellies
 Q - 29 fruits


   Skills:
 + Level 25.0(24.9) Fighting
 + Level 23.9(23.8) Long Blades
 + Level 20.9(20.8) Armour
 + Level 6.5 Dodging
 + Level 3.2 Stealth
 O Level 27(26.9) Shields
 + Level 2.2(2.1) Invocations
 + Level 0.3(0.2) Evocations


You had 23 spell levels left.
You didn't know any spells.

Dungeon Overview and Level Annotations

Branches:
Dungeon (15/15)            Temple (1/1) D:6            Lair (6/6) D:11
 Shoals (4/4) Lair:3        Snake (4/4) Lair:4        Slime (0/5) Lair:6
    Orc (2/2) D:12            Elf (3/3) Orc:2        Vaults (5/5) D:14
  Crypt (0/3) Vaults:3     Depths (1/5) D:15

Altars:
Ashenzari
Cheibriados
Gozag
Kikubaaqudgha
Makhleb
Okawaru
Qazlal
Ru
Xom
Yredelemnul
Zin
Jiyva

Shops:
D:7 [   D:13 =   Orc:2 }:(!=   Elf:1 [   Shoals:1 }   Shoals:3 [   Snake:1 (
Vaults:1 *[*   Vaults:3 !   Depths:1 }}=

Portals:
Hell: Depths:1
Ziggurat: Depths:1

Annotations:
Depths:1 1 runed door


Innate Abilities, Weirdness & Mutations

You reflexively headbutt those who attack you in melee.
You have a pair of horns on your head.
You are weak. (Str -2)


Message History

You furiously retaliate!
You headbutt the stone giant!
Unknown command.
Your crystal plate armour prevents you from hitting the titan.
You headbutt the titan!
The titan is lightly wounded.
The titan hits you! The ettin barely misses you.
The ettin hits you with a dire flail of crushing!!
Unknown command.
You hit the titan. You headbutt the titan.
The titan is lightly wounded.
You block the stone giant's attack.
The lich gestures wildly while chanting.
The lich seems to speed up.
Unknown command.
You slash the titan!
The titan is moderately wounded.
The titan hits you!!
* * * LOW HITPOINT WARNING * * *
The ettin hits you with a dire flail!!!
You die...

#............. ..
#............. ..
#............. ..
#............. ..
#....######### ##
#.....##...... ..
#..#..........#..
#..##.CC.#.......
. #..##.p@.#
..... .
#..#..C#####..#..
. #.
#..L(.#.......
####..#.......
#..(....#
#C..p...#
....C#Cp###
#).#....CeL
#))#.......#


You could see a titan, a stone giant, a lich, an ettin and an ironbrand
convoker.

Vanquished Creatures
  Nikola (Depths:1)
  A lich (Vaults:4)
  4 tentacled monstrosities
  Rupert (Lair:5)
  3 deep elf blademasters
  A quicksilver dragon (Vaults:4)
  3 titans
  A kraken (Shoals:3)
  Agnes (Snake:4)
  Kirke (Snake:4)
  4 sphinxes
  6 tengu reavers
  4 shadow dragons
  2 storm dragons (Vaults:4)
  Ilsuiw (Shoals:3)
  4 fire giants
  10 nagarajas
  25 vault wardens
  6 frost giants
  An iron dragon (Vaults:5)
  13 deep elf sorcerers
  An orc warlord (Orc:1)
  A deep elf elementalist (Elf:3)
  19 ironheart preservers
  16 stone giants
  13 very ugly things
  4 war gargoyles
  Azrael (D:13)
  8 deep elf demonologists
  12 deep elf annihilators
  A red draconian (Volcano)
  Snorg (Lair:6)
  7 deep elf death magi
  A quicksilver dragon zombie (Vaults:1)
  14 merfolk javelineers
  8 ettins
  5 deep elf high priests
  Josephine (D:12)
  A fire dragon (Lair:6)
  15 yaktaur captains
  11 merfolk impalers
  6 great orbs of eyes
  18 naga warriors
  39 vault guards
  2 rakshasas
  7 hydras
  4 death knights
  An ice dragon (Depths:1)
  11 centaur warriors
  Erica (D:11)
  8 merfolk avatars
  3 alligator snapping turtles
  20 anacondas
  9 merfolk aquamancers
  56 two-headed ogres
  22 dancing weapons
  18 ogre magi
  3 deep troll shamans
  2 satyrs
  4 tengu warriors
  A deep troll earth mage (Vaults:4)
  4 death yaks (Lair:4)
  5 shock serpents
  12 naga sharpshooters
  30 deep elf knights
  6 shadow wraiths
  A golden dragon zombie (Vaults:5)
  2 skeletal warriors (Vaults:4)
  16 deep trolls
  The ghost of ReignOfFire the Shield-Bearer, a novice DsGl of Makhleb (D:8)
  9 salamander mystics
  4 unseen horrors
  3 glowing orange brains
  5 naga ritualists
  4 lindwurms (Snake:4)
  3 phantasmal warriors
  A shadow dragon zombie (Vaults:5)
  A swamp dragon (Lair:6)
  18 sea snakes
  23 ironbrand convokers
  29 harpies
  14 mana vipers
  A fire giant zombie (Vaults:1)
  55 ugly things
  6 necromancers
  10 wizards
  An orb spider (shapeshifter) (Vaults:3)
  59 deep elf magi
  19 deep elf archers
  4 wolf spiders
  An oklob plant (Lair:1)
  11 orc knights
  A mana viper (shapeshifter) (Elf:1)
  8 fauns
  3 orc sorcerers
  5 human zombies
  4 elephants (Lair:4)
  14 salamanders
  2 tengu skeletons
  22 cyclopes
  A manticore (shapeshifter) (Vaults:4)
  2 frost giant skeletons
  7 guardian serpents
  A fire giant skeleton (Vaults:4)
  3 human skeletons
  46 black mambas
  19 merfolk sirens
  20 manticores
  19 naga magi
  2 molten gargoyles (Volcano)
  Joseph (D:8)
  Maurice (D:13)
  17 vault sentinels
  2 gargoyles
  2 spiny frogs (shapeshifter)
  3 rime drakes (Lair:6)
  6 water nymphs
  2 kobold demonologists
  14 spiny frogs
  A yaktaur (shapeshifter) (Vaults:3)
  33 yaktaurs
  5 komodo dragons
  A yaktaur skeleton (Vaults:5)
  8 freezing wraiths
  2 tengu conjurers
  A harpy zombie (Shoals:4)
  A queen bee (shapeshifter) (Elf:1)
  A polar bear (shapeshifter) (Vaults:2)
  41 merfolk
  A meliai (shapeshifter) (Vaults:4)
  12 trolls
  A jumping spider (shapeshifter) (Elf:1)
  2 wind drakes
  A raiju (Lair:6)
  2 hornets
  9 polar bears (Lair:6)
  29 slime creatures
  Prince Ribbit (D:7)
  10 blink frogs
  22 hippogriffs
  A meliai zombie (D:12)
  12 dream sheep
  13 snapping turtles
  A dream sheep (shapeshifter) (Vaults:3)
  4 shadows
  Sigmund (D:4)
  3 air elementals
  A redback (shapeshifter) (Vaults:5)
  9 water elementals
  A vampire (D:11)
  An ettin skeleton (Vaults:5)
  2 fire bats (Volcano)
  10 wyverns
  26 yaks
  2 hogs (Snake:4)
  7 wraiths
  6 fire elementals
  2 tarantellas (shapeshifter)
  A golden eye (shapeshifter) (Vaults:4)
  8 basilisks
  2 hungry ghosts
  5 steam dragons
  A basilisk (shapeshifter) (Vaults:2)
  A yaktaur simulacrum (Vaults:4)
  40 nagas
  Edmund (D:6)
  A warg (shapeshifter) (D:14)
  7 wargs
  A soldier ant (shapeshifter) (Vaults:4)
  5 acid dragons
  12 porcupines
  23 water moccasins
  2 soldier ants (D:10)
  23 hell hounds
  2 swamp drakes (Lair:6)
  Purgy (Sewer)
  54 orc warriors
  2 elf zombies
  A sky beast (D:11)
  7 ice beasts
  11 black bears (Lair:6)
  2 eyes of draining
  2 phantoms
  A hornet zombie (D:11)
  A black bear (shapeshifter) (D:14)
  3 necrophages
  An elf skeleton (Vaults:1)
  An ogre (shapeshifter) (Depths:1)
  51 ogres
  6 boggarts
  8 centaurs
  19 wolves (Lair:6)
  3 hippogriff zombies (Shoals:4)
  18 crocodiles
  4 big kobolds
  21 bullfrogs
  A wyvern zombie (D:10)
  A wyvern skeleton (D:11)
  2 earth elementals
  3 scorpions
  5 human simulacra
  3 killer bees (D:10)
  7 wights (D:10)
  2 howler monkeys
  An electric eel (D:8)
  5 lava snakes (Volcano)
  8 crimson imps
  2 bullfrog zombies
  5 centaur zombies
  4 jellies
  2 quasits
  A gnoll shaman (D:4)
  29 orc wizards
  3 bullfrog skeletons
  19 orc priests
  8 centaur skeletons
  7 hounds
  Ijyb (D:4)
  4 iguanas
  12 worker ants
  3 hound skeletons
  2 worker ant zombies
  8 gnolls
  25 adders
  2 shadow imps
  4 oozes
  3 adder zombies
  2 adder skeletons
  3 worms
  9 leopard geckos
  113 orcs
  A ball python (Snake:1)
  A bat zombie (Shoals:4)
  4 giant cockroaches
  3 goblins
  4 hobgoblins
  9 jackals
  19 kobolds
  2 quokkas
  12 bats
  4 frilled lizards
  A jackal skeleton (D:4)
  2 leopard gecko skeletons
  9 rats
  A rat (shapeshifter) (Vaults:5)
  2 bushes (Bazaar)
  A butterfly (Lair:6)
  2 crawling corpses (Elf:3)
  6 plants
  4 tentacles (Shoals:3)
2087 creatures vanquished.

Vanquished Creatures (others)
  A merfolk aquamancer (Shoals:4)
  3 deep elf knights
  A harpy (Shoals:4)
  A necromancer (Vaults:4)
  2 water elementals
  2 humans (Snake:4)
  A naga (Snake:4)
  An ogre (Vaults:5)
  A centaur (D:15)
  A hound (D:13)
  A jelly (D:7)
  A kobold (D:8)
  3 fungi
  39 plants
  10 tentacles (Shoals:3)
68 creatures vanquished.

Grand Total: 2155 creatures vanquished

Notes
Turn   | Place    | Note
-------+----------+-------------------------------------------
     0 | D:1      | Peloso the Minotaur Fighter began the quest for the Orb.
     0 | D:1      | Reached XP level 1. HP: 19/19 MP: 0/0
    55 | D:1      | Reached skill level 4 in Shields
    55 | D:1      | Reached XP level 2. HP: 20/27 MP: 1/1
   579 | D:2      | Reached XP level 3. HP: 33/33 MP: 2/2
  1148 | D:2      | Reached XP level 4. HP: 40/40 MP: 3/3
  1609 | D:3      | Reached skill level 1 in Dodging
  2096 | D:4      | Noticed Sigmund
  2116 | D:4      | Killed Sigmund
  2116 | D:4      | Reached skill level 5 in Shields
  2116 | D:4      | Reached XP level 5. HP: 34/47 MP: 4/4
  2342 | D:4      | Reached XP level 6. HP: 30/53 MP: 5/5
  2611 | D:4      | Reached skill level 5 in Long Blades
  2709 | D:4      | Reached skill level 5 in Armour
  3228 | D:4      | Reached XP level 7. HP: 28/60 MP: 6/6
  3322 | D:4      | Noticed Ijyb
  3352 | D:4      | Killed Ijyb
  3529 | D:5      | Entered Level 5 of the Dungeon
  3680 | D:5      | Reached skill level 5 in Fighting
  4573 | D:6      | Found a staircase to the Ecumenical Temple.
  4729 | D:6      | Reached XP level 8. HP: 41/68 MP: 7/7
  4764 | D:6      | Reached skill level 6 in Shields
  4884 | D:6      | Noticed Edmund
  4902 | D:6      | Killed Edmund
  4921 | D:6      | Found a glowing drain.
  4932 | Sewer    | Entered a sewer
  5045 | Sewer    | Noticed Purgy
  5061 | Sewer    | Killed Purgy
  5222 | Temple   | Entered the Ecumenical Temple
  5288 | Temple   | Became a worshipper of Warmaster Okawaru
  5854 | D:7      | Reached skill level 7 in Shields
  6118 | D:7      | Reached * piety under Okawaru
  6118 | D:7      | Reached XP level 9. HP: 59/78 MP: 8/8
  6164 | D:7      | Noticed Prince Ribbit
  6321 | D:7      | Killed Prince Ribbit
  6407 | D:7      | Reached skill level 8 in Shields
  6449 | D:7      | Found Nigenger's Armour Shop.
  7110 | D:8      | Reached ** piety under Okawaru
  7186 | D:8      | Noticed ReignOfFire's ghost (novice DsGl)
  7206 | D:8      | Killed ReignOfFire's ghost
  7206 | D:8      | Reached skill level 10 in Long Blades
  7417 | D:8      | Reached *** piety under Okawaru
  7426 | D:8      | Reached XP level 10. HP: 69/88 MP: 9/9
  7635 | D:8      | Noticed Joseph
  7657 | D:8      | Killed Joseph
  7657 | D:8      | Reached skill level 9 in Shields
  8838 | D:9      | Noticed a two-headed ogre
  8853 | D:9      | Killed a two-headed ogre
  8853 | D:9      | Reached **** piety under Okawaru
  8853 | D:9      | Reached skill level 1 in Invocations
  9680 | D:10     | Entered Level 10 of the Dungeon
 10062 | D:10     | Found an iron altar of Okawaru.
 10473 | D:10     | Reached skill level 10 in Shields
 10737 | D:10     | Reached ***** piety under Okawaru
 11114 | D:10     | Reached skill level 10 in Armour
 11167 | D:10     | Reached XP level 11. HP: 85/97 MP: 10/10
 11493 | D:11     | Noticed Erica
 11517 | D:11     | Killed Erica
 11517 | D:11     | Received a gift from Okawaru
 11950 | D:11     | Noticed a cyan ugly thing
 11960 | D:11     | Killed a cyan ugly thing
 11960 | D:11     | Reached skill level 1 in Stealth
 12581 | D:11     | Noticed an eight-headed hydra
 12593 | D:11     | Killed a five-headed hydra
 12721 | D:11     | Found a staircase to the Lair.
 13083 | D:7      | Killed an unseen horror
 13083 | D:7      | Reached skill level 11 in Shields
 13518 | D:7      | Bought the +2 shield of Resistance {rF+ rC+ MR+} for 616 gold pieces
 13717 | D:12     | Reached skill level 10 in Fighting
 13766 | D:12     | Received a gift from Okawaru
 13799 | D:12     | Noticed a two-headed ogre
 13807 | D:12     | Killed a two-headed ogre
 14158 | D:12     | Reached XP level 12. HP: 62/107 MP: 11/11
 14379 | D:12     | Noticed Josephine
 14390 | D:12     | Killed Josephine
 14564 | D:12     | Received a gift from Okawaru
 14570 | D:12     | Found a staircase to the Orcish Mines.
 15024 | Lair:1   | Entered Level 1 of the Lair of Beasts
 15214 | Lair:1   | Found a sacrificial altar of Ru.
 15219 | Lair:1   | Noticed a seven-headed hydra
 15231 | Lair:1   | Reached skill level 12 in Shields
 15383 | Lair:1   | Killed a five-headed hydra
 16355 | Lair:2   | Noticed a six-headed hydra
 16364 | Lair:2   | Killed a three-headed hydra
 17107 | Lair:2   | Reached ****** piety under Okawaru
 17723 | Lair:3   | Found a staircase to the Shoals.
 17731 | Lair:3   | Reached XP level 13. HP: 117/118 MP: 12/12
 17841 | Lair:3   | Reached skill level 13 in Shields
 17958 | Lair:3   | Received a gift from Okawaru
 18425 | Lair:4   | Found a staircase to the Snake Pit.
 19475 | Lair:4   | Received a gift from Okawaru
 19709 | Lair:4   | Reached skill level 14 in Shields
 20014 | Lair:5   | Noticed Rupert
 20033 | Lair:5   | Killed Rupert
 20033 | Lair:5   | Received a gift from Okawaru
 20229 | Lair:5   | Reached skill level 15 in Long Blades
 20954 | Lair:5   | Reached XP level 14. HP: 117/129 MP: 14/14
 21104 | Lair:6   | Entered Level 6 of the Lair of Beasts
 21140 | Lair:6   | Found a dark tunnel.
 21155 | Volcano  | Entered a volcano
 21429 | Volcano  | Found a burning altar of Makhleb.
 21443 | Volcano  | Reached skill level 15 in Shields
 21675 | Lair:6   | Noticed Snorg
 21702 | Lair:6   | Killed Snorg
 21951 | Lair:6   | Received a gift from Okawaru
 22320 | Lair:6   | Got a pair of warped gloves
 22338 | Lair:6   | Identified the +1 pair of gloves of Yredelemnul's Outrage {rF+ Int+3 Stlth+} (You found it on level 6 of the Lair of Beasts)
 22885 | Lair:6   | Found a runed door.
 22886 | Lair:6   | Found a viscous altar of Jiyva.
 22888 | Lair:6   | Found a staircase to the Slime Pits.
 23114 | Lair:6   | Reached skill level 16 in Shields
 23173 | Lair:6   | HP: 3/133 [fire dragon (13)]
 23920 | Lair:1   | Identified a scroll of acquirement
 24207 | D:13     | Noticed Maurice
 24217 | D:13     | Killed Maurice
 24437 | D:13     | Received a gift from Okawaru
 24453 | D:13     | Found Fuim's Jewellery Emporium.
 24563 | D:13     | Noticed Azrael
 24573 | D:13     | Killed Azrael
 25364 | D:14     | Got a translucent platinum ring
 25461 | D:14     | Reached XP level 15. HP: 129/139 MP: 15/15
 25484 | D:14     | Found a stormy altar of Qazlal.
 25541 | D:14     | Found a gate to the Vaults.
 25578 | D:14     | Reached skill level 15 in Fighting
 25971 | D:14     | Got a bloodstained falchion
 25972 | D:14     | Identified the +9 falchion "Mauveab" {venom, rElec} (You found it on level 14 of the Dungeon)
 26424 | D:14     | Reached skill level 17 in Shields
 26700 | D:14     | Received a gift from Okawaru
 26833 | D:14     | Identified the ring "Beoniymp" {rElec Dex+5 Stlth-} (You found it on level 14 of the Dungeon)
 26863 | D:15     | Entered Level 15 of the Dungeon
 27254 | D:15     | Found a staircase to the Depths.
 27254 | D:15     | Noticed a fire giant
 27284 | D:14     | Reached skill level 15 in Armour
 27570 | D:15     | Killed a fire giant
 27576 | D:15     | Received a gift from Okawaru
 27695 | D:15     | Found a stormy altar of Qazlal.
 28498 | Orc:1    | Entered Level 1 of the Orcish Mines
 28839 | Orc:2    | Entered Level 2 of the Orcish Mines
 29404 | Orc:1    | Received a gift from Okawaru
 29868 | Orc:1    | Reached XP level 16. HP: 73/152 MP: 16/16
 30407 | Orc:1    | Got an ichor-stained falchion {god gift}
 30408 | Orc:1    | Identified the +12 falchion "Dizxeyma" {protect, +Blink Int+4} (Okawaru gifted it to you on level 1 of the Orcish Mines)
 30509 | Orc:2    | Received a gift from Okawaru
 30535 | Orc:2    | Found Useewk's Antique Weapon Emporium.
 30538 | Orc:2    | Reached skill level 18 in Shields
 30539 | Orc:2    | Found Yrithu's Book Boutique.
 30539 | Orc:2    | Found Caoxzy Waxos's Distillery.
 30539 | Orc:2    | Found Dotzawan's Jewellery Shop.
 30709 | Orc:2    | Found Qouck's Quality Used Wands.
 31210 | Orc:2    | Found a staircase to the Elven Halls.
 31914 | Orc:2    | Bought a potion of heal wounds for 65 gold pieces
 32043 | Depths:1 | Entered Level 1 of the Depths
 32652 | Depths:1 | Noticed Nikola
 32706 | Depths:1 | Killed Nikola
 32783 | Depths:1 | Found Goabbuem's Gadget Shop.
 32784 | Depths:1 | Found Emaisid's Jewellery Emporium.
 32785 | Depths:1 | Found Hixo Vam's Gadget Shop.
 32831 | Depths:1 | Received a gift from Okawaru
 32849 | Depths:1 | Got a pair of steaming boots {god gift}
 32855 | Depths:1 | Identified the -1 pair of boots of Geistrad {Regen+ rCorr MP+9} (Okawaru gifted it to you on level 1 of the Depths)
 32962 | Depths:1 | Found a gateway to a ziggurat.
 33775 | Depths:1 | Reached skill level 5 in Dodging
 33883 | Depths:1 | Got an iridescent trident
 34002 | Depths:1 | Found a runed door.
 34146 | Depths:1 | Found a gateway to Hell.
 34360 | Depths:1 | Got a pair of brightly glowing boots
 34371 | Depths:1 | Identified the +1 pair of boots of the Elephant {rN+ Str-2 Stlth+} (You acquired it on level 1 of the Depths)
 34639 | Lair:1   | Identified the +8 trident of Yeast {freeze, rN+ Int+4} (You found it on level 1 of the Depths)
 34755 | Shoals:1 | Entered Level 1 of the Shoals
 35003 | Shoals:1 | Reached skill level 19 in Shields
 35051 | Shoals:1 | Found Buc Kei's Gadget Shoppe.
 35126 | Shoals:1 | Received a gift from Okawaru
 35128 | Shoals:1 | HP: 3/155 [alligator snapping turtle (30)]
 35133 | Shoals:1 | Reached XP level 17. HP: 27/162 MP: 17/17
 37215 | Snake:1  | Entered Level 1 of the Snake Pit
 37289 | Snake:1  | Received a gift from Okawaru
 37293 | Snake:1  | Got a transparent scarf {god gift}
 37304 | Snake:1  | Identified the scarf of Context {rF- Str+3 Dex+4} (Okawaru gifted it to you on level 1 of the Snake Pit)
 37359 | Snake:1  | Reached skill level 20 in Shields
 37657 | Snake:1  | Found Erehim's Antique Weapon Shoppe.
 37664 | Snake:1  | Bought a demon blade for 330 gold pieces
 39543 | Elf:1    | Entered Level 1 of the Elven Halls
 39591 | Elf:1    | Found Kaupni's Antique Armour Emporium.
 39679 | Elf:1    | Received a gift from Okawaru
 39696 | Elf:1    | Got a pair of faintly glowing gloves {god gift}
 39712 | Elf:1    | Identified the +0 pair of gloves of Resonance {rC+} (Okawaru gifted it to you on level 1 of the Elven Halls)
 39782 | Elf:1    | Reached XP level 18. HP: 114/172 MP: 18/18
 40326 | Elf:1    | Bought bloodstained steam dragon scales for 1215 gold pieces
 40337 | Elf:1    | Identified the cursed +1 steam dragon scales of Morality {rPois MR+} (You bought it in a shop on level 1 of the Elven Halls)
 40607 | Elf:2    | Noticed a Brimstone Fiend
 40786 | Elf:2    | Gained mutation: You are weak. (Str -2) [a neqoxec]
 41035 | Elf:2    | Found a huge runed gate.
 41035 | Elf:2    | Found a huge runed gate.
 41036 | Elf:2    | Found a huge runed gate.
 41079 | Elf:2    | Received a gift from Okawaru
 41343 | Elf:2    | Reached skill level 21 in Shields
 41827 | Elf:3    | Entered Level 3 of the Elven Halls
 41857 | Elf:3    | Received a gift from Okawaru
 42087 | Elf:3    | Got a twisted scimitar {god gift}
 42088 | Elf:3    | Identified the +0 scimitar of Paufe {drain, *Corrode Dex+4 Stlth+} (Okawaru gifted it to you on level 3 of the Elven Halls)
 42196 | Elf:3    | Noticed a Tzitzimitl
 42316 | Elf:3    | Noticed a Hell Sentinel
 42524 | Elf:3    | Noticed a Hell Sentinel
 43164 | Elf:3    | Received a gift from Okawaru
 43184 | Elf:3    | Reached XP level 19. HP: 131/183 MP: 19/19
 43371 | Elf:3    | Got a wavering granite ring
 43907 | Elf:3    | Got an encrusted spear {flame}
 44353 | Lair:1   | Identified the +8 spear of Prudence {flame, Str+2} (You took it off a deep elf annihilator on level 3 of the Elven Halls)
 44361 | Lair:1   | Identified the ring "Tuhad" {rC+ MR++ SInv} (You took it off a deep elf sorcerer on level 3 of the Elven Halls)
 44798 | Elf:3    | Got a shimmering golden ring
 44825 | Elf:3    | Got a pair of faintly glowing boots
 44835 | Elf:3    | Got a fine scimitar
 44837 | Elf:3    | Got a warped short sword
 44957 | Elf:3    | Identified the +1 scimitar "Xircho" {flame, MR+} (You found it on level 3 of the Elven Halls)
 44959 | Elf:3    | Identified the cursed +3 short sword of Kaluscha {venom, Dex+3} (You found it on level 3 of the Elven Halls)
 44975 | Elf:3    | Identified the +2 pair of boots of Joy {rF- rC++ rN+++ Stlth+} (You found it on level 3 of the Elven Halls)
 45016 | Elf:3    | Got a brightly glowing mace {flame}
 45027 | Elf:3    | Identified the ring "Raxaxkal" {Fire MR+ MP+9} (You took it off a deep elf high priest on level 3 of the Elven Halls)
 45053 | Elf:3    | Identified the cursed +1 mace of the Desert {flame, rElec rC+} (You took it off a deep elf sorcerer on level 3 of the Elven Halls)
 45165 | Elf:1    | Bought a runed plate armour for 702 gold pieces
 45605 | Snake:3  | Reached skill level 22 in Shields
 45778 | Snake:3  | Received a gift from Okawaru
 46392 | Snake:4  | Entered Level 4 of the Snake Pit
 46509 | Snake:4  | Noticed Kirke
 46527 | Snake:4  | Killed Kirke
 46924 | Snake:4  | Received a gift from Okawaru
 48209 | Snake:4  | Reached XP level 20. HP: 141/194 MP: 20/20
 48228 | Snake:4  | Received a gift from Okawaru
 48735 | Snake:4  | Got a serpentine rune of Zot
 48941 | Snake:4  | Received a gift from Okawaru
 49087 | Snake:4  | Reached skill level 23 in Shields
 49242 | Snake:4  | Noticed Agnes
 49269 | Snake:4  | Killed Agnes
 50976 | Shoals:3 | Received a gift from Okawaru
 51229 | Shoals:3 | Found Ixtiem's Antique Armour Emporium.
 51247 | Shoals:3 | Bought a pair of runed boots for 165 gold pieces
 51270 | Shoals:3 | Identified a +1 pair of boots of running (You bought it in a shop on level 3 of the Shoals)
 51463 | Shoals:4 | Entered Level 4 of the Shoals
 51714 | Shoals:4 | Received a gift from Okawaru
 52434 | Shoals:4 | Received a gift from Okawaru
 52457 | Shoals:4 | Got a barnacled rune of Zot
 52761 | Shoals:3 | Reached skill level 24 in Shields
 52912 | Shoals:4 | Noticed Ilsuiw
 52955 | Shoals:3 | Reached XP level 21. HP: 45/204 MP: 21/21
 53194 | Shoals:3 | Killed Ilsuiw
 53793 | Shoals:4 | Received a gift from Okawaru
 55175 | Vaults:1 | Entered Level 1 of the Vaults
 55275 | Vaults:1 | Found a flickering gateway to a bazaar.
 55285 | Bazaar   | Entered a bazaar
 55285 | Bazaar   | Found Seazyar's Antique Armour Shop.
 55285 | Bazaar   | Found Ryt Baaff's Magic Scroll Boutique.
 55285 | Bazaar   | Found Zipestav's Food Boutique.
 55285 | Bazaar   | Found Saniegay's Book Boutique.
 55285 | Bazaar   | Found Fitroth's Jewellery Shop.
 55330 | Bazaar   | Bought a scroll of magic mapping for 45 gold pieces
 56023 | Vaults:1 | Found Gozag's Assorted Antiques.
 56047 | Vaults:1 | Received a gift from Okawaru
 56060 | Vaults:1 | Found Gozag's Antique Armour Boutique.
 56060 | Vaults:1 | Found an opulent altar of Gozag.
 56135 | Vaults:1 | You fall through a shaft!
 56607 | Vaults:1 | Found Gozag's Assorted Antiques.
 57192 | Vaults:2 | Received a gift from Okawaru
 57220 | Vaults:2 | Got an ichor-stained demon trident {god gift}
 57623 | Vaults:2 | Received a gift from Okawaru
 57693 | Vaults:2 | Reached skill level 25 in Shields
 57964 | Vaults:2 | Reached XP level 22. HP: 209/214 MP: 22/22
 58794 | Vaults:3 | Received a gift from Okawaru
 58960 | Vaults:3 | Found a staircase to the Crypt.
 58960 | Vaults:3 | Found an ancient bone altar of Kikubaaqudgha.
 58961 | Vaults:3 | Found a basalt altar of Yredelemnul.
 59366 | Vaults:3 | Found Porui's Distillery.
 59374 | Vaults:3 | Bought a potion of heal wounds for 80 gold pieces
 59584 | Vaults:4 | Got a bound diamond amulet
 59585 | Vaults:4 | Identified the amulet "Vouz Bem" {Inacc rN+ Str-5 Dex+2} (You found it on level 4 of the Vaults)
 59591 | Vaults:4 | Found a glowing silver altar of Zin.
 60109 | Vaults:4 | Received a gift from Okawaru
 60315 | Vaults:4 | Reached skill level 26 in Shields
 61100 | Vaults:4 | Reached XP level 23. HP: 221/227 MP: 23/23
 61232 | Vaults:4 | Received a gift from Okawaru
 61781 | Vaults:5 | Entered Level 5 of the Vaults
 61792 | Vaults:4 | Received a gift from Okawaru
 62899 | Vaults:5 | Received a gift from Okawaru
 63426 | Vaults:4 | Reached skill level 27 in Shields
 63468 | Vaults:5 | Received a gift from Okawaru
 63478 | Vaults:5 | HP: 11/229 [war gargoyle/spray of metal splinters (11)]
 64397 | Vaults:5 | Reached XP level 24. HP: 123/239 MP: 23/23
 65222 | Vaults:5 | Got a smoking plate armour
 65292 | Vaults:5 | Identified the +5 plate armour of the Monk {rElec rF+} (You found it on level 5 of the Vaults)
 66099 | Vaults:5 | Got a silver rune of Zot
 66241 | Vaults:5 | Received a gift from Okawaru
 66562 | Vaults:5 | Slain by an ettin

Skill      XL: |  1  2  3  4  5  6  7  8  9 10 11 12 13 14 15 16 17 18 19 20 21 22 23 24 |
---------------+-------------------------------------------------------------------------+-----
Shields        | 4 5 7 8 10 11 12 14 16 17 19 20 21 22 24 25 26 27 | 27.0
Fighting       | 4 5 6 7 9 10 12 13 14 16 17 18 19 20 21 22 23 24 25 | 25.0
Armour         | 4 5 6 7 9 10 11 12 13 14 15 16 17 18 19 20 | 20.9
Long Blades    | 3 4 5 7 8 10 12 13 14 15 16 17 18 19 20 21 22 23 | 23.9
Dodging        | 1 2 3 4 5 6 |  6.5
Invocations    | 1 2 |  2.2
Stealth        | 1 2 3 |  3.2
Evocations     | |  0.3

Action                   |  1- 3 |  4- 6 |  7- 9 | 10-12 | 13-15 | 16-18 | 19-21 | 22-24 || total
-------------------------+-------+-------+-------+-------+-------+-------+-------+-------++-------
Melee: Long sword        |   107 |   105 |   494 |   366 |   345 |       |       |       ||  1417
       Headbutt          |    14 |    14 |   108 |   190 |   371 |   411 |   692 |   609 ||  2409
       Katana            |       |       |       |   334 |   887 |  1350 |  1997 |  1522 ||  6090
       Scimitar          |       |       |       |    75 |       |       |       |       ||    75
       Falchion          |       |       |       |       |    40 |     7 |       |       ||    47
Invok: Heroism           |       |       |     2 |     3 |     3 |     2 |     3 |     1 ||    14
Evoke: Wand              |       |       |       |     3 |       |       |       |       ||     3
  Use: Scroll            |       |       |    10 |     3 |    16 |    13 |    10 |     5 ||    57
       Potion            |       |       |     2 |       |     8 |     5 |     2 |     7 ||    24
  Eat: Chunk             |       |     7 |    23 |    37 |    36 |    37 |    44 |    28 ||   212
       Royal jelly       |       |       |     2 |     1 |       |     1 |       |       ||     4
       Fruit             |       |       |       |     1 |     2 |     5 |     6 |       ||    14
Armor: Scale mail        |    57 |    39 |    16 |       |       |       |       |       ||   112
       Plate armour      |       |       |   289 |   284 |   439 |   310 |   720 |   154 ||  2196
       Crystal plate arm |       |       |       |       |       |       |       |   419 ||   419
Dodge: Dodged            |    39 |    35 |   111 |   148 |   317 |   308 |   569 |   429 ||  1956
       Deflected         |       |       |       |       |     2 |    23 |       |       ||    25
Block: Shield            |    67 |    70 |   279 |   406 |   974 |  1020 |  1935 |  1371 ||  6122
       Rpst.: Long sword |    13 |    10 |    35 |    25 |    24 |       |       |       ||   107
       Katana            |       |       |       |    14 |    50 |    63 |    99 |    91 ||   317
       Scimitar          |       |       |       |     3 |       |       |       |       ||     3
